 Dungeon Crawl Stone Soup version 0.31-a0-16-g6d2539766c (webtiles) character file.

Game seed: 10424807783743994600

102 lunkers the Gusty (level 5, 0/38 HPs)
             Began as a Meteoran Air Elementalist on May 8, 2023.
             Slain by a black bear (7 damage)
             ... on level 4 of the Dungeon.
             The game lasted 00:05:21 (719 turns).

lunkers the Gusty (Meteoran Air Elementalist)        Turns: 719, Time: 00:05:21

Health: 0/38       AC:  3    Str:  9    XL:     5   Next: 28%
Magic:  10/12      EV: 12    Int: 19    God:
Gold:   121        SH:  0    Dex: 14    Spells: 2/12 levels left

rFire   . . .        e - +2 dagger (protect)
rCold   . . .        (no shield)
rNeg    . . .        a - +0 robe
rPois   +            (no helmet)
rElec   .            (no cloak)
rCorr   .            f - +0 pair of gloves
SInv    .            (no boots)
Will    .....        (no amulet)
Stlth   +            g - ring of poison resistance
HPRegen 0.26/turn    (no ring)
MPRegen 0.13/turn

%: no passive effects
@: very slightly contaminated, glowing
A: sense surroundings 1, otherworldly, glowing, explore regen
a: no special abilities


You were on level 4 of the Dungeon.
You visited 1 branch of the dungeon, and saw 4 of its levels.

You collected 121 gold pieces.

Inventory:

Hand Weapons
 e - a +2 dagger of protection (weapon)
Armour
 a - a +0 robe (worn)
 f - a +0 pair of gloves (worn)
Jewellery
 g - a ring of poison resistance (left hand)
Scrolls
 c - a scroll of magic mapping {unknown}
 d - a scroll of identify {unknown}
 h - a scroll of blinking {unknown}
 i - a scroll of brand weapon {unknown}
Potions
 b - a potion of magic
 j - 2 potions of curing {unknown}


   Skills:
 - Level 2.4 Dodging
 - Level 1.4 Stealth
 + Level 4.0 Spellcasting
 - Level 1.2 Conjurations
 * Level 5.6 Air Magic


You had 2 spell levels left.
You knew the following spells:

 Your Spells              Type           Power      Damage    Failure   Level
a - Shock                 Conj/Air       68%        1d7       3%          1
b - Static Discharge      Conj/Air       34%        2-4/arc   4%          2
c - Swiftness             Air            25%        N/A       4%          3
d - Airstrike             Air            12%        2d(2-18)  13%         4

Your spell library contained the following spells:

 Spells                   Type           Power      Damage    Failure   Level
 Summon Small Mammal      Summ           12%        N/A       14%         1
 Call Canine Familiar     Summ           3%         N/A       38%         3
 Summon Guardian Golem    Hex/Summ       3%         N/A       38%         3


Dungeon Overview and Level Annotations

Branches:
Dungeon (4/15) Zot: 1679
 Temple: D:4-7

Altars:


Innate Abilities, Weirdness & Mutations

You passively map a small area around you.
You are easily found by Zot.
You glow in the dark.
You regain HP and MP as you explore.


Message History

Aiming: Shock (safe; 3% risk of failure)
Press: ? - help, Q - select action, (/) - cycle Shift-Dir - straight line, f - black bear
Aim: a black bear (79% to hit)
The zap hits the black bear.
The black bear is lightly wounded.
* * * LOW MAGIC WARNING * * *
Aiming: Shock (safe; 3% risk of failure)
Press: ? - help, Q - select action, (/) - cycle Shift-Dir - straight line, f/p - black bear
Aim: a black bear (lightly wounded, 79% to hit)
The zap hits the black bear.
The black bear is moderately wounded.
* * * LOW MAGIC WARNING * * *
The black bear attacks as you move away!
The black bear bites you! The black bear claws you.
* * * LOW HITPOINT WARNING * * *
The black bear claws you.
* * * LOW HITPOINT WARNING * * *
Unknown command.
Okay, then.
Casting: Shock (safe; 3% risk of failure)
Confirm with . or Enter, or press ? or * to list all spells.
The black bear is struck by an arc of lightning.
The black bear is heavily wounded.
You are struck by an arc of lightning.
* * * LOW HITPOINT WARNING * * *
The lightning grounds out.
* * * LOW MAGIC WARNING * * *
The black bear bites you!
* * * LOW HITPOINT WARNING * * *
The black bear claws you.
* * * LOW HITPOINT WARNING * * *
The black bear closely misses you. Magic courses through your body.
The black bear closely misses you. The black bear barely misses you.
The black bear misses you.
Casting: Static Discharge (safe; 4% risk of failure)
Confirm with . or Enter, or press ? or * to list all spells.
You miscast Static Discharge.
You are very lightly contaminated with residual magic.
Nothing appears to happen.
The black bear bites you!
You die...

##.## #.#
....# #.#
##.## #.#
### #.# #.#
#.# * * **
* #.# , ,
#.# ,,
..######@#
,.......h.#
.........#
,
?.....##.#
##.##. #.#
, .., # #.#
* * # , *
#.# , , #.#
,* ..


You could see a black bear.

Vanquished Creatures
  A hound (D:4)
  3 adders (D:2)
  A worm (D:2)
  2 dart slugs
  5 endoplasms
  A giant cockroach (D:2)
  5 goblins
  2 hobgoblins
  A kobold (D:1)
  4 quokkas
  5 ball pythons
  2 bats
  3 frilled lizards
  2 rats
37 creatures vanquished.

Notes
Turn   | Place    | Note
-------+----------+-------------------------------------------
     0 | D:1      | lunkers the Meteoran Air Elementalist began the quest for
                  | the Orb.
     0 | D:1      | Reached XP level 1. HP: 14/14 MP: 5/5
    48 | D:1      | Reached skill level 4 in Air Magic
    48 | D:1      | Reached XP level 2. HP: 17/20 MP: 0/6
   287 | D:1      | Reached XP level 3. HP: 16/26 MP: 2/8
   351 | D:2      | Learned a level 2 spell: Static Discharge
   355 | D:2      | Learned a level 3 spell: Swiftness
   424 | D:2      | Reached skill level 5 in Air Magic
   424 | D:2      | Reached XP level 4. HP: 33/33 MP: 0/10
   532 | D:3      | Learned a level 4 spell: Airstrike
   709 | D:4      | Noticed a black bear
   714 | D:4      | Reached XP level 5. HP: 30/38 MP: 3/12
   719 | D:4      | Slain by a black bear

Illustrated notes

Levels and vault maps discovered:
D:1:      mrwooster_arrival_statue_2, layout_loops_cross,
          hellmonk_ecumenical_altar_pennies_from_heaven, minmay_split_cup_large
D:2:      layout_rooms, st_stairs_3, minmay_crystal_water, kennysheep_nub
D:3:      layout_loops_ring, uniq_sigmund
D:4:      layout_loops_ring

Skill      XL: |  1  2  3  4 |
---------------+-------------+-----
Air Magic      | 4 5 |  5.6
Spellcasting   | 3 4 |  4.0
Dodging        | |  2.4
Stealth        | |  1.4
Conjurations   | |  1.2

Action                     |  1- 3 |  4- 6 || total
---------------------------+-------+-------++-------
  Melee: Unarmed           |     8 |       ||     8
         Dagger            |     2 |    28 ||    30
   Cast: Shock             |    49 |    19 ||    68
         Static Discharge  |     1 |     8 ||     9
    Use: Potion            |       |     1 ||     1
 Armour: Robe              |    10 |    16 ||    26
  Dodge: Dodged            |    14 |    31 ||    45

Table legend: (Time is in decaauts)
 A = Elapsed time spent in this place.
 B = Non-inter-level travel time spent in this place.
 C = Inter-level travel time spent in this place.
 D = Time resting spent in this place.
 E = Time spent auto-exploring this place.
 F = Levels seen in this place.
 G = Mean time per level.
                   A        B        C        D        E       F      G
               +--------+--------+--------+--------+--------+-----+--------+
         Total |    719 |    693 |     26 |      0 |    353 |   4 |  179.8 |
       Dungeon |    719 |    693 |     26 |      0 |    353 |   4 |  179.8 |
               +--------+--------+--------+--------+--------+-----+--------+

Top non-repeatable levels by time:
     D:1: 330 daAuts
     D:2: 175 daAuts
     D:3: 110 daAuts
     D:4: 102 daAuts
